 Dungeon Crawl Stone Soup version 0.30.1-4-g462c640d31 (webtiles) character file.

Game seed: 11429884654617562183

49 Logoto the Firebug (level 3, -4/27 HPs)
             Began as a Hill Orc Fire Elementalist on Aug 16, 2023.
             Slain by a kobold brigand
             ... wielding a +0 whip
              (7 damage)
             ... in a sewer.
             The game lasted 00:09:03 (2322 turns).

Logoto the Firebug (Hill Orc Fire Elementalist)     Turns: 2322, Time: 00:09:04

Health: -4/27      AC:  2    Str: 12    XL:     3   Next: 75%
Magic:  1/6        EV: 12    Int: 15    God:
Gold:   78         SH:  0    Dex: 11    Spells: 3/6 levels left

rFire   . . .        g - +0 whip
rCold   . . .        (no shield)
rNeg    . . .        a - +0 robe
rPois   .            (no helmet)
rElec   .            (no cloak)
rCorr   .            (no gloves)
SInv    .            (no boots)
Will    .....        (no amulet)
Stlth   ++           (no ring)
HPRegen 0.24/turn    (no ring)
MPRegen 0.10/turn

%: no passive effects
@: about to teleport
A: no striking features
a: no special abilities


You were in a sewer.
You visited 1 branch of the dungeon, and saw 3 of its levels.
You also visited: Sewer.

You collected 78 gold pieces.

Inventory:

Hand Weapons
 g - a +0 whip (weapon)
 l - a +0 hand axe
Missiles
 h - 43 stones
Armour
 a - a +0 robe (worn)
Scrolls
 f - 2 scrolls of identify {unknown}
 i - a scroll of vulnerability {unknown}
 k - a scroll of brand weapon {unknown}
 m - a scroll of fog {unknown}
 n - a scroll of noise {unknown}
 o - a scroll of amnesia {unknown}
Potions
 b - a potion of magic
 c - a potion of ambrosia {unknown}
 e - 2 potions of curing
 j - 3 potions of flight {unknown}


   Skills:
 + Level 0.3 Fighting
 + Level 0.5 Maces & Flails
 + Level 2.0 Dodging
 + Level 1.7 Stealth
 + Level 0.5 Unarmed Combat
 + Level 2.0 Spellcasting
 + Level 1.2 Conjurations
 + Level 3.8 Fire Magic


You had 3 spell levels left.
You knew the following spells:

 Your Spells              Type           Power      Damage    Failure   Level
a - Foxfire               Conj/Fire      36%        2x1d5     8%          1
b - Scorch                Fire           26%        2d6       7%          2

Your spell library contained the following spells:

 Spells                   Type           Power      Damage    Failure   Level
 Inner Flame              Hex/Fire       7%         N/A       30%         3
 Volatile Blastmotes      Fire/Tloc      14%        2d11      30%         3
 Flame Wave               Conj/Fire      9%         2d6       61%         4


Dungeon Overview and Level Annotations

Branches:
Dungeon (3/15)              Sewer (1/1)

Altars:


Message History

Why would you want to do that? Why would you want to do that?
Why would you want to do that? Why would you want to do that?
You hit the ball python.
You kill the ball python!
The kobold hits you with a +0 short sword.
Your Dodging skill increases to level 2!
Why would you want to do that? Why would you want to do that?
Why would you want to do that?
Casting: Foxfire (safe; 8% risk of failure)
Confirm with . or Enter, or press ? or * to list all spells.
Okay, then.
You barely miss the kobold brigand.
The kobold hits you with a +0 short sword.
The kobold brigand hits you with a +0 whip.
You barely miss the kobold brigand. The kobold closely misses you.
The kobold brigand barely misses you. Why would you want to do that?
You closely miss the kobold brigand. Your punch misses the kobold brigand.
The kobold hits you with a +0 short sword.
The kobold brigand closely misses you.
You barely miss the kobold brigand.
The kobold hits you with a +0 short sword.
The kobold brigand barely misses you.
You hit the kobold brigand but do no damage.
The kobold closely misses you.
The kobold brigand completely misses you.
You barely miss the kobold. The kobold hits you but does no damage.
The kobold brigand hits you with a +0 whip.
* * * LOW HITPOINT WARNING * * *
The kobold hits you with a +0 short sword.
* * * LOW HITPOINT WARNING * * *
Why would you want to do that? Why would you want to do that?
As you read the scroll of teleportation, it crumbles to dust.
You feel strangely unstable.
The kobold brigand hits you with a +0 whip!
You die...

### #≈≈####
#≈≈≈≈≈#
#≈≈≈≈≈##
#.≈≈≈≈≈#
.P#~#....≈≈##
#...P.∩∩..@.#
###P.....KK.#
#######..)#
~~~~~~~..)#
#######.†.#
.~...#
~.~~~##
#.~.~..#
~~.~...#


You could see a kobold brigand and a kobold.

Vanquished Creatures
  A worm (D:2)
  A dart slug (D:1)
  5 endoplasms (D:1)
  4 giant cockroaches
  3 goblins (D:2)
  A hobgoblin (D:2)
  4 quokkas
  8 ball pythons
  A bat (D:2)
  2 frilled lizards
  3 kobolds
  9 rats
42 creatures vanquished.

Vanquished Creatures (others)
  39 foxfires
39 creatures vanquished.

Grand Total: 81 creatures vanquished

Notes
Turn   | Place    | Note
-------+----------+-------------------------------------------
     0 | D:1      | Logoto the Hill Orc Fire Elementalist began the quest for
                  | the Orb.
     0 | D:1      | Reached XP level 1. HP: 14/14 MP: 3/3
   269 | D:1      | Reached XP level 2. HP: 20/20 MP: 2/4
   270 | D:1      | Found a faded altar of an unknown god.
   293 | D:1      | Learned a level 2 spell: Scorch
   812 | D:2      | Reached XP level 3. HP: 26/26 MP: 2/5
  2266 | D:3      | Found a glowing drain.
  2270 | Sewer    | Entered a sewer
  2309 | Sewer    | Noticed a kobold brigand
  2322 | Sewer    | Slain by a kobold brigand

Illustrated notes

Levels and vault maps discovered:
D:1:      minmay_arrival_widening_spiral_wide, layout_rooms,
          basic_ecumenical_altar, minmay_heptomino_o4
D:2:      layout_basic
D:3:      layout_loops_ring, gup_sewer_entry_bowl, kennysheep_pointless_box,
          due_unseen_surprise
Sewer:    sewer_co_scattered_pipes

Skill      XL: |  1  2  3 |
---------------+----------+-----
Spellcasting   | 2 |  2.0
Dodging        | 2 |  2.0
Fighting       | |  0.3
Maces & Flails | |  0.5
Stealth        | |  1.7
Unarmed Combat | |  0.5
Conjurations   | |  1.2
Fire Magic     | |  3.8

Action                     || total
---------------------------++-------
  Melee: Unarmed           ||     9
         Whip              ||    68
   Cast: Foxfire           ||    23
         Scorch            ||    19
    Use: Scroll            ||     3
         Potion            ||     1
   Stab: Sleeping          ||     1
 Armour: Robe              ||    16
  Dodge: Dodged            ||    76
